 Dungeon Crawl Stone Soup version 0.16.0-17-g811c1d7 (webtiles) character file.

1967 Fluffy the Cleaver (level 9, -1/75 HPs)
             Began as a Hill Orc Gladiator on Mar 21, 2015.
             Was a Believer of Qazlal.
             Slain by a six-headed hydra (7 damage)
             ... on level 7 of the Dungeon.
             The game lasted 00:14:19 (6268 turns).

Fluffy the Cleaver (Hill Orc Gladiator)             Turns: 6268, Time: 00:14:20

Health: -1/75      AC: 12    Str: 21    XL:     9   Next: 19%
Magic:  20/20      EV: 11    Int:  8    God:    Qazlal [**....]
Gold:   469        SH:  3    Dex: 11    Spells: 0 memorised, 8 levels left

rFire  . . .     SeeInvis .     G - +0 battleaxe
rCold  . . .     Clarity  .     v - +0 chain mail
rNeg   . . .     SustAb   .     (no shield)
rPois  .         Gourm    .     c - +0 helmet
rElec  .         Spirit   .     (no cloak)
rCorr  .         Warding  .     (no gloves)
rMut   .         Stasis   .     q - +0 pair of boots
MR     .....                    (no amulet)
Stlth  ..........               (no ring)
                                E - +3 ring of evasion

@: not resistant to hostile enchantments, extremely unstealthy
A: no striking features
a: Upheaval, Renounce Religion


You were on level 7 of the Dungeon.
You worshipped Qazlal.
Qazlal was pleased with you.
You were not hungry.

You visited 1 branch of the dungeon, and saw 7 of its levels.

You collected 469 gold pieces.

Inventory:

Hand weapons
 G - a +0 battleaxe (weapon)
Missiles
 d - 3 throwing nets (quivered)
Armour
 c - a +0 helmet (worn)
 q - a +0 pair of boots (worn)
 v - a +0 chain mail (worn)
Jewellery
 o - an uncursed ring of ice
 E - a +3 ring of evasion (left hand)
Magical devices
 y - a wand of random effects (0)
Scrolls
 a - 2 scrolls of fear {unknown}
 b - 6 scrolls of identify
 h - a scroll of immolation {unknown}
 i - 2 scrolls of teleportation {unknown}
 m - a scroll of recharging {unknown}
 n - 5 scrolls of remove curse
 p - 2 scrolls of blinking {unknown}
 r - 2 scrolls of amnesia {unknown}
 s - 2 scrolls of fog {unknown}
 u - 4 scrolls of enchant weapon {unknown}
 w - a scroll of noise {unknown}
 C - a scroll of enchant armour {unknown}
 F - a scroll of summoning {unknown}
Potions
 e - a potion of might
 k - 3 potions of brilliance
 t - a potion of curing
 x - a potion of agility
 z - a potion of haste
 A - a potion of flight
Comestibles
 f - 4 meat rations
 g - 2 slices of pizza
 j - 8 fruits
 l - 2 beef jerkies
 B - 3 bread rations


   Skills:
 + Level 5.8 Fighting
 + Level 10.7 Axes
 - Level 2.0 Throwing
 + Level 4.4 Armour
 - Level 2.4 Dodging
 + Level 8.1 Invocations


You had 8 spell levels left.
You didn't know any spells.

Dungeon Overview and Level Annotations

Branches:
Dungeon (7/15)             Temple (0/1) D:4

Altars:
Ashenzari
Nemelex Xobeh
Qazlal
Vehumet
Xom
The Shining One


Message History

You block its attack. Something bites you.
Evoke which item? (* to show all) (? for menu, Esc to quit)
Zapping:
y - a wand of random effects {zapped: 17} (will waste charges)
Press: ? - help, Shift-Dir - straight line Nothing appears to happen.
Evoking this partially-identified wand wasted a few charges.
Something bites you. x4
Something bites you!
* * * LOW HITPOINT WARNING * * *
Something bites you.
* * * LOW HITPOINT WARNING * * *
An ogre comes into view. It is wielding a giant club.
Welcome back, Fluffy the Hill Orc Gladiator.
Qazlal says: Let the forces of nature tear it all down!
Press ? for a list of commands and other information.
Something bites you!
* * * LOW HITPOINT WARNING * * *
Deactivating autopickup; reactivate with Ctrl-A.
Something bites you!
You die...

#.# #......#.....#..
#.# #.####.#.....###
#.# #.# #..#..<..###
#.# #.###..#........
#.# #.#....#.#.#####
#.# #.#......#.#...#
#.###.######.#.#....
#...#........#......
###@###....#.####.##
#{# #....#.# #.##
#.# #....#.# #...
#.# #....#.# ###.
#†# #....#.# #. ..#
#....#.######. ..#
######.§..##.. ....
#..#.##.. .O.#
#..#.##..


You could see an ogre.

Vanquished Creatures
  Pikel (D:4)
  2 sky beasts
  A phantom (D:5)
  2 ice beasts (D:5)
  A slave (D:4)
  A centaur (D:6)
  An ogre (D:6)
  A giant frog (D:6)
  A water moccasin zombie (D:5)
  5 wights
  A water moccasin skeleton (D:6)
  A crimson imp (D:5)
  A jelly (D:6)
  2 orc wizards
  3 iguanas
  A worker ant (D:3)
  Ijyb (D:2)
  A hound zombie (D:5)
  A worker ant zombie (D:7)
  10 gnolls
  2 adders (D:2)
  3 giant mites
  3 shadow imps (D:5)
  3 worms (D:3)
  An adder skeleton (D:3)
  7 giant geckos
  An ooze (D:6)
  9 orcs
  A ball python (D:2)
  11 hobgoblins
  15 kobolds
  4 quokkas
  A ball python skeleton (D:4)
  15 bats
  3 giant cockroaches
  A giant gecko skeleton (D:5)
  6 giant newts
  10 goblins
  5 jackals
  A quokka skeleton (D:7)
  10 rats
150 creatures vanquished.

Vanquished Creatures (others)
  A wight (D:6)
  2 orcs (D:4)
  A giant newt (D:4)
  A rat (D:6)
5 creatures vanquished.

Grand Total: 155 creatures vanquished

Notes
Turn   | Place    | Note
--------------------------------------------------------------
     0 | D:1      | Fluffy, the Hill Orc Gladiator, began the quest for the Orb.
     0 | D:1      | Reached XP level 1. HP: 18/18 MP: 1/1
   202 | D:1      | Reached XP level 2. HP: 20/25 MP: 2/2
   371 | D:1      | Reached skill level 5 in Axes
   668 | D:2      | Noticed Ijyb
   681 | D:2      | Killed Ijyb
   681 | D:2      | Reached XP level 3. HP: 20/30 MP: 3/3
   818 | D:2      | Found a shimmering altar of Xom.
  1038 | D:2      | Reached skill level 6 in Axes
  1171 | D:2      | Reached XP level 4. HP: 37/37 MP: 4/4
  1205 | D:2      | Found a shattered altar of Ashenzari.
  1790 | D:2      | Found a stormy altar of Qazlal.
  1799 | D:2      | Became a worshipper of Qazlal Stormbringer
  1957 | D:3      | Reached skill level 1 in Invocations
  2038 | D:3      | Reached skill level 7 in Axes
  2038 | D:3      | Reached XP level 5. HP: 34/42 MP: 4/6
  2230 | D:3      | Found a sparkling altar of Nemelex Xobeh.
  2710 | D:4      | Noticed a slave
  2710 | D:4      | Noticed a slave
  2711 | D:4      | Noticed a slave
  2712 | D:4      | Noticed a slave
  2713 | D:4      | Noticed Pikel
  2716 | D:4      | Killed a slave
  2726 | D:4      | Killed Pikel
  2726 | D:4      | Reached skill level 9 in Axes
  2726 | D:4      | Reached skill level 5 in Invocations
  2726 | D:4      | Reached XP level 6. HP: 25/50 MP: 7/12
  2726 | D:4      | Reached XP level 7. HP: 28/56 MP: 8/14
  2935 | D:4      | Acquired Qazlal's first power
  3058 | D:4      | Found a staircase to the Ecumenical Temple.
  3530 | D:5      | Entered Level 5 of the Dungeon
  3574 | D:5      | Reached skill level 1 in Armour
  3594 | D:5      | Reached XP level 8. HP: 46/63 MP: 17/17
  4256 | D:5      | Reached skill level 10 in Axes
  4913 | D:6      | Acquired Qazlal's second power
  4990 | D:6      | Found a glowing golden altar of the Shining One.
  5201 | D:6      | Found a radiant altar of Vehumet.
  5251 | D:6      | Reached skill level 5 in Fighting
  5748 | D:6      | Reached XP level 9. HP: 74/74 MP: 20/20
  6257 | D:7      | Noticed a six-headed hydra
  6268 | D:7      | Slain by a six-headed hydra

Action                   |  1- 3 |  4- 6 |  7- 9 || total
-------------------------+-------+-------+-------++-------
Melee: War axe           |    86 |   126 |   175 ||   387
       Battleaxe         |       |       |    47 ||    47
Evoke: Wand              |       |       |     8 ||     8
  Use: Scroll            |       |     9 |       ||     9
       Potion            |       |       |     1 ||     1
  Eat: Chunk             |     1 |     4 |    12 ||    17
